 Dungeon Crawl Stone Soup version 0.28.0-53-g5a82cb258f (webtiles) character file.

Game seed: 6110878156000364154

13 Zeld the Gusty (level 2, -9/15 HPs)
             Began as a Tengu Air Elementalist on June 14, 2022.
             Was an Initiate of Gozag.
             Mangled by Grinder (10 damage)
             ... while paralysed by Grinder
             ... on level 3 of the Dungeon.
             The game lasted 00:01:06 (1055 turns).

Zeld the Gusty (Tengu Air Elementalist)             Turns: 1055, Time: 00:01:07

Health: -9/15      AC:  2    Str:  8    XL:     2   Next: 37%
Magic:  6/6        EV:  2    Int: 15    God:    Gozag
Gold:   11         SH:  0    Dex: 14    Spells: 4/5 levels left

rFire   . . .      SeeInvis .   (no weapon)
rCold   . . .      Faith    .   (no shield)
rNeg    . . .      Spirit   .   a - +0 robe
rPois   .          Reflect  .   (helmet restricted)
rElec   .          Harm     .   (no cloak)
rCorr   .          Rampage  .   (no gloves)
Will    .....                   (boots unavailable)
Stlth   ++........              (no amulet)
HPRegen 0.05/turn               (no ring)
MPRegen 0.10/turn               (no ring)

@: paralysed
A: beak, talons 3
a: Renounce Religion, Potion Petition, Call Merchant, Bribe Branch


You were on level 3 of the Dungeon.
You worshipped Gozag.
Gozag was noncommittal.
You visited 1 branch of the dungeon, and saw 3 of its levels.

You collected 54 gold pieces.
You paid 43 gold pieces to Gozag.

Inventory:

Missiles
 b - 10 bolts
Armour
 a - a +0 robe (worn)
Potions
 c - a potion of invisibility {unknown}


   Skills:
 - Level 2.1 Dodging
 - Level 2.0 Stealth
 * Level 2.3 Spellcasting
 + Level 1.9 Conjurations
 * Level 4.4 Air Magic


You had 4 spell levels left.
You knew the following spells:

 Your Spells              Type           Power      Damage    Failure   Level
a - Shock                 Conj/Air       44%        1d5       6%          1

Your spell library contained the following spells:

 Spells                   Type           Power      Damage    Failure   Level
 Static Discharge         Conj/Air       11%        N/A       9%          2
 Swiftness                Air            15%        N/A       11%         3
 Airstrike                Air            7%         N/A       34%         4


Dungeon Overview and Level Annotations

Branches:
Dungeon (3/15)

Altars:
Gozag
Kikubaaqudgha
Trog
Xom

Annotations:
D:3 Grinder


Innate Abilities, Weirdness & Mutations

You have a beak for a mouth.
You have claws for feet.


Message History

You see here a jackal corpse.
You see here a jackal corpse.
You start resting.
There is an open door here.
You start resting.
Magic restored.
You start resting.
HP restored.
You open the door.
Grinder comes into view.
Found a scroll labelled SOPRIK UPEZYPNOMO.
Found an opulent altar of Gozag.
There is an open door here.
Grinder shouts!
Grinder misses you. Grinder gestures at you.
You suddenly lose the ability to move!
You can move again.
There is an opulent altar of Gozag here.
Unknown command.
Press < or > to pray at altars.
Unknown command.
Press < or > to pray at altars.
You kneel at the altar of Gozag.
Gozag welcomes you!
You pay a service fee of 43 gold.
Unknown command.
Press < or > to pray at altars.
Grinder gestures at you.
You suddenly lose the ability to move!
Grinder hits you.
You writhe in agony.
Grinder blinks!
Grinder hits you.
* * * LOW HITPOINT WARNING * * *
You writhe in agony.
* * * LOW HITPOINT WARNING * * *
Grinder hits you!
Ouch! That really hurt!
You die...
Your body crumbles into a pile of gold.

#.8.8.#.#.8.8.#
#.._..#.#†._..#
#.8...#.#†..8.#
#...'#.#'...##
#.#####...#####.#
........⌠........
..#####.÷.#####.. ..#
###...'#.#5...##
.....>#.8...#.#.@.8.#
#.#..##.._.)#.#.§_.?#
#.#..##.8.8.#.#.8.8.#
#.#..###...##.##...##
.....# #####...######
#.##.# ######.......#
#<##.###.).......####
#........>....#..#
####.###.######..#


You could see Grinder.

Vanquished Creatures
  An endoplasm (D:3)
  A giant cockroach (D:3)
  A goblin (D:3)
  3 jackals (D:3)
  A quokka (D:1)
  A ball python (D:1)
  3 frilled lizards
  A kobold (D:3)
12 creatures vanquished.

Notes
Turn   | Place    | Note
-------+----------+-------------------------------------------
     0 | D:1      | Zeld the Tengu Air Elementalist began the quest for the
                  | Orb.
     0 | D:1      | Reached XP level 1. HP: 10/10 MP: 4/4
   399 | D:2      | Found a faded altar of an unknown god.
   518 | D:3      | Reached XP level 2. HP: 12/15 MP: 0/6
   832 | D:3      | Found an ancient bone altar of Kikubaaqudgha.
   965 | D:3      | Found a shimmering altar of Xom.
   968 | D:3      | Found a bloodstained altar of Trog.
  1045 | D:3      | Found an opulent altar of Gozag.
  1045 | D:3      | Noticed Grinder
  1048 | D:3      | Paralysed by Grinder for 2 turns
  1050 | D:3      | Became a worshipper of Gozag Ym Sagoz the Greedy
  1051 | D:3      | Paralysed by Grinder for 6 turns
  1055 | D:3      | Mangled by Grinder

Illustrated notes

Levels and vault maps discovered:
D:1:      co_arrival_random_square_maze, layout_rooms, st_stairs_3,
          chequers_jeans, due_unseen_surprise
D:2:      layout_rooms, chequers_ecumenical_altar_island
D:3:      layout_loops_ring, grunt_temple_overflow_cloverleaf, nrook_campfire,
          uniq_grinder, uniq_sigmund, uniq_robin

Action                   || total
-------------------------++-------
Melee: Unarmed           ||     7
       Kick              ||     3
 Cast: Shock             ||    26
 Stab: Distracted        ||     1
Armor: Robe              ||     3
Dodge: Dodged            ||    15
